 Dungeon Crawl Stone Soup version 0.21.1-1-g345015f (webtiles) character file.

271908 equalderp2856 the Executioner (level 19, -7/182 HPs)
             Began as a Minotaur Fighter on May 2, 2018.
             Killed from afar by a frost giant (37 damage)
             ... with a bolt of cold
             ... on level 2 of the Depths.
             The game lasted 01:54:03 (50311 turns).

equalderp2856 the Executioner (Minotaur Fighter)   Turns: 50311, Time: 01:54:04

Health: -7/182     AC: 34    Str: 23    XL:     19   Next: 46%
Magic:  6/6        EV: 10    Int:  9    God:
Gold:   1499       SH: 18    Dex: 12    Spells: 18/18 levels left

rFire    + . .     SeeInvis .   M - +1 broad axe (antimagic)
rCold    . . .     Gourm    .   Y - +2 shield "Sugguote" {+Inv MR+}
rNeg     . . .     Faith    .   a - +3 plate armour
rPois    +         Spirit   .   g - +2 hat {MR+}
rElec    .         Reflect  .   N - +2 cloak
rCorr    .         Harm     .   W - +2 pair of gloves
MR       +++..                  n - +2 pair of boots
Stlth    ..........             G - amulet of regeneration
HPRegen  0.80/turn              q - ring of poison resistance
MPRegen  0.10/turn              A - ring of protection from fire

@: no status effects
A: retaliatory headbutt, horns 2
}: 2/15 runes: serpentine, barnacled
a: Evoke Invisibility


You were on level 2 of the Depths.
You were not hungry.

You visited 6 branches of the dungeon, and saw 33 of its levels.

You collected 2912 gold pieces.
You spent 1413 gold pieces at shops.

Inventory:

Hand Weapons
 l - a +2 hand crossbow of freezing
 x - a +2 war axe of freezing
 E - the +6 hand axe of Superiority {antimagic, SInv}
   (You took it off a naga on level 2 of the Snake Pit)

   It reduces the magical energy of the wielder, and disrupts the spells and
   magical abilities of those hit.
   Natural abilities and divine invocations are not affected.
   It lets you see invisible.
 M - a +1 antimagic broad axe (weapon)
 P - a +4 trident of freezing
Armour
 a - a +3 plate armour (worn)
 g - a +2 hat of magic resistance (worn)
 n - a +2 pair of boots (worn)
 C - a +2 hat of see invisible
 N - a +2 cloak (worn)
 W - a +2 pair of gloves (worn)
 Y - the +2 shield "Sugguote" (worn) {+Inv MR+}
   (You found it on level 11 of the Dungeon)

   It affects your resistance to hostile enchantments.
   It lets you turn invisible.
Jewellery
 q - a ring of poison resistance (left hand)
 A - a ring of protection from fire (right hand)
 G - an amulet of regeneration (around neck)
 K - a +3 amulet of reflection
 U - a +3 ring of intelligence
Wands
 c - a wand of enslavement (28)
 j - a wand of iceblast (24)
 p - a wand of disintegration (19)
 F - a wand of acid (9)
 I - a wand of paralysis (17)
 R - a wand of clouds (6)
 S - a wand of digging (16)
Scrolls
 e - 9 scrolls of remove curse
 i - 3 scrolls of enchant armour
 k - 4 scrolls of fear
 o - 6 scrolls of teleportation
 r - 7 scrolls of fog
 t - 6 scrolls of enchant weapon
 u - 5 scrolls of amnesia
 y - 3 scrolls of identify
 B - 3 scrolls of magic mapping
 V - 5 scrolls of blinking
 X - a scroll of silence
Potions
 d - 7 potions of might
 h - a potion of magic
 m - a potion of berserk rage
 s - 6 potions of flight
 w - 4 potions of cancellation
 z - 4 potions of curing
 D - a potion of brilliance
 J - 2 potions of heal wounds
 L - a potion of resistance {unknown}
 O - 4 potions of lignification
 Q - 2 potions of haste
 T - 4 potions of agility
 Z - a potion of ambrosia
Books
 b - a book of Alchemy

   Spells                             Type                      Level
   a - Sublimation of Blood           Necromancy                   2
   b - Ignite Poison                  Fire/Transmutation/Poison    3
   c - Petrify                        Transmutation/Earth          4
   d - Alistair's Intoxication        Transmutation/Poison         5
   e - Irradiate                      Conjuration/Transmutation    5
 v - a book of Ice

   Spells                             Type                      Level
   a - Ice Form                       Ice/Transmutation            4
   b - Metabolic Englaciation         Hexes/Ice                    5
   c - Ozocubu's Refrigeration        Ice                          6
   d - Bolt of Cold                   Conjuration/Ice              6
   e - Freezing Cloud                 Conjuration/Ice/Air          6
   f - Simulacrum                     Ice/Necromancy               6
Comestibles
 f - 15 rations


   Skills:
 + Level 19.1 Fighting
 + Level 21.7(21.8) Axes
 + Level 3.6(15.2) Polearms
 + Level 17.0 Armour
 + Level 5.9 Dodging
 + Level 3.2 Stealth
 + Level 21.3 Shields
 + Level 0.7 Unarmed Combat
 + Level 0.4 Evocations


You had 18 spell levels left.
You didn't know any spells.

Dungeon Overview and Level Annotations

Branches:
Dungeon (15/15)            Temple (0/1) D:6            Lair (6/6) D:11
 Shoals (4/4) Lair:4        Snake (4/4) Lair:3        Slime (0/5) Lair:6
    Orc (2/2) D:10            Elf (0/3) Orc:2        Vaults (0/5) D:13
 Depths (2/5) D:15

Altars:
Ashenzari
Kikubaaqudgha
Nemelex Xobeh
Sif Muna
Trog
Uskayaw
Xom
Beogh

Shops:
Orc:2 ?*[*   Shoals:4 *   Snake:4 }%

Portals:
Hell: Depths:1 Depths:2
Abyss: Depths:1 Depths:2
Trove: D:14 (give manual of Maces & Flails)

Annotations:
Lair:3 exclusion: 2 oklob plants
Lair:6 exclusion: oklob plant
Shoals:1 exclusion: Roxanne, Roxanne
Shoals:2 exclusion: 2 oklob plants
Orc:1 Urug
Depths:1 exclusion: orange crystal statue


Innate Abilities, Weirdness & Mutations

You reflexively headbutt those who attack you in melee.
You have a pair of horns on your head.


Message History

The frost giant freezes you!
You hit the frost giant.
The frost giant's magic leaks into the air.
You headbutt the frost giant, but do no damage.
The frost giant is almost dead.
You slice the frost giant!!
You kill the frost giant!
You see here a battleaxe of freezing.
A frost giant comes into view. It is wielding a battleaxe of freezing.
The frost giant shouts!
The frost giant points at you and mumbles some strange words.
The bolt of cold hits you!
* * * LOW HITPOINT WARNING * * *
The frost giant points at you and mumbles some strange words.
The bolt of cold hits you!
* * * LOW HITPOINT WARNING * * *
You see here a large rock.
The frost giant casts a spell at you. The bolt of cold hits you!
You die...

...#......[......#.#)#####.#.....
...#.....).####..#.#..<..#.##..##
...#...#......'..#.#####.#(##..#
####...#.######..#.......#C##..##
#...####......(#########.##....
###...#<...#....((([(*C)/(*#....#
......## #......(###########....#
##.....# #.#....(##.# #..#......#
.#.....# # #....@...# #..........
.#.....#.#.#..(.....# #..#.......
.#.....#.#.#...(....###..........
.#.#.#.#...........(##...C.......
.#.#.#...............C.).........
##.#.#.................).........
##.#.#...∩######.##.###..##.##..#
#................##.............#
##.#.#....####≈≈.##.........##...


You could see a frost giant.

Vanquished Creatures
  Margery (Depths:2)
  Vashnia (Snake:2)
  Jorgrun (Snake:3)
  Rupert (D:14)
  Gastronok (Lair:3)
  3 krakens
  A tengu reaver (Depths:1)
  Ilsuiw (Shoals:3)
  Kirke (Lair:6)
  7 nagarajas
  A fire giant (Depths:2)
  3 frost giants (Depths:2)
  Aizul (Snake:4)
  An iron dragon (Depths:2)
  Louise (Shoals:1)
  5 stone giants
  2 entropy weavers (Lair:6)
  A deep elf demonologist (Depths:1)
  2 vampire knights (Depths:2)
  2 spark wasps (Depths:2)
  4 ettins
  2 fire dragons (Depths:2)
  4 merfolk javelineers
  A great orb of eyes (Depths:2)
  7 merfolk impalers
  19 naga warriors
  Erolcha (Orc:2)
  A yaktaur captain (Depths:1)
  2 ice dragons
  Harold (D:11)
  A vault guard (D:13)
  A spriggan air mage (Depths:2)
  4 hydras
  4 catoblepae
  3 merfolk avatars (Shoals:4)
  10 anacondas
  2 rakshasas (Depths:1)
  2 alligator snapping turtles (Shoals:4)
  7 centaur warriors
  7 merfolk aquamancers
  3 satyrs
  6 death yaks (Lair:6)
  A deep troll shaman (Depths:2)
  4 tengu warriors
  A vampire mage (D:15)
  5 two-headed ogres
  A queen ant (Lair:6)
  18 naga sharpshooters
  5 orc high priests
  A spriggan berserker (Depths:2)
  3 hell knights (Depths:2)
  12 shock serpents
  3 salamander mystics
  2 skeletal warriors (D:15)
  2 fire crabs
  22 sea snakes
  4 unseen horrors
  5 orc knights
  2 wizards
  2 naga ritualists
  A lindwurm (Lair:5)
  9 harpies (Shoals:4)
  14 mana vipers
  3 necromancers
  10 fauns
  2 deep elf magi (Orc:2)
  A fire giant zombie (D:15)
  12 ugly things
  An orc sorcerer (Orc:2)
  4 cyclopes
  2 moths of wrath (shapeshifter)
  8 manticores
  22 salamanders
  8 elephants
  A frost giant skeleton (D:15)
  33 black mambas
  20 naga magi
  A frost giant zombie (D:15)
  3 water nymphs
  11 merfolk sirens
  12 guardian serpents
  A gargoyle (D:9)
  A molten gargoyle (Orc:1)
  2 centaur skeletons
  6 spiny frogs
  4 rime drakes
  2 kobold demonologists (D:15)
  7 komodo dragons
  11 yaktaurs
  A tengu conjurer (Depths:1)
  4 polar bears
  A harpy zombie (D:14)
  26 merfolk
  A meliai (shapeshifter) (D:15)
  The ghost of Mythic the Cudgeler, an amateur HuBe of Trog (D:4)
  4 trolls
  A jumping spider (shapeshifter) (Depths:2)
  A hornet (Depths:2)
  18 blink frogs
  5 slime creatures (D:15)
  7 wind drakes
  9 hippogriffs
  9 snapping turtles
  A meliai zombie (D:14)
  The ghost of Tolfdir the Magician, an amateur DEWz (D:5)
  A spriggan (Depths:2)
  A deep troll zombie (D:15)
  3 wraiths
  A shadow (D:13)
  35 yaks
  2 vampires
  4 wyverns
  12 water elementals
  A human (D:7)
  Eustachio (D:4)
  A golden eye (shapeshifter) (Depths:1)
  A basilisk (shapeshifter) (D:14)
  5 hungry ghosts
  Grum (Lair:1)
  5 hogs
  2 basilisks
  A vampire mosquito (D:13)
  74 nagas
  A soldier ant (shapeshifter) (Depths:1)
  17 soldier ants (Lair:6)
  15 water moccasins
  10 porcupines
  2 floating eyes (Depths:2)
  A swamp drake (Orc:2)
  42 orc warriors
  A necrophage (D:10)
  5 phantoms
  3 sky beasts
  2 eyes of draining (D:14)
  A hornet zombie (D:14)
  11 ogres
  3 ice beasts
  2 black bears (D:11)
  13 centaurs
  15 wolves
  14 crocodiles
  4 big kobolds
  19 bullfrogs
  A wyvern zombie (D:13)
  3 wyvern skeletons
  The ghost of Iko the Skirmisher, a weakling OgCK of Xom (D:3)
  3 scorpions
  5 killer bees (D:7)
  18 wights
  A howler monkey (D:4)
  9 crimson imps
  A bullfrog zombie (D:5)
  4 centaur zombies
  8 hounds
  7 jellies
  Crazy Yiuf (D:7)
  32 orc priests
  4 bullfrog skeletons
  21 orc wizards
  An iron imp (Orc:2)
  Ijyb (D:4)
  Natasha (thrice) (D:2)
  8 iguanas
  38 worker ants
  2 hound zombies
  A hound skeleton (D:10)
  A howler monkey zombie (D:9)
  A worker ant zombie (D:7)
  11 gnolls
  A howler monkey skeleton (D:4)
  6 adders
  4 shadow imps
  A white imp (Orc:2)
  5 oozes
  3 adder skeletons
  A worm (D:3)
  2 dart slugs
  9 leopard geckos
  98 orcs
  A giant cockroach (D:2)
  6 goblins
  A hobgoblin (D:3)
  11 jackals (D:3)
  3 quokkas
  2 ball pythons
  6 bats
  3 frilled lizards
  A jackal skeleton (D:5)
  19 kobolds
  A quokka skeleton (D:5)
  8 rats
  3 fungi
  16 plants
  5 tentacles
  2 withered plants (D:15)
1260 creatures vanquished.

Vanquished Creatures (others)
  A naga mage (Snake:1)
  2 nagas
  2 fungi
  10 plants
  24 tentacles
  3 withered plants (D:15)
42 creatures vanquished.

Grand Total: 1302 creatures vanquished

Notes
Turn   | Place    | Note
-------+----------+-------------------------------------------
     0 | D:1      | equalderp2856 the Minotaur Fighter began the quest for the Orb.
     0 | D:1      | Reached XP level 1. HP: 19/19 MP: 0/0
   197 | D:1      | Reached XP level 2. HP: 27/27 MP: 1/1
   688 | D:2      | Found a bloodstained altar of Trog.
   736 | D:2      | Reached XP level 3. HP: 32/33 MP: 2/2
   865 | D:2      | Noticed Natasha
   872 | D:2      | Killed Natasha
  1052 | D:2      | Noticed Natasha
  1064 | D:2      | Killed Natasha
  1064 | D:2      | Reached XP level 4. HP: 16/40 MP: 3/3
  1168 | D:2      | Noticed Natasha
  1172 | D:2      | Killed Natasha
  1330 | D:3      | Reached skill level 1 in Dodging
  1364 | D:3      | Noticed Iko's ghost (weakling OgCK)
  1526 | D:3      | Reached XP level 5. HP: 46/46 MP: 4/4
  1723 | D:3      | Killed Iko's ghost
  1723 | D:3      | Reached skill level 5 in Shields
  2059 | D:3      | Reached XP level 6. HP: 42/53 MP: 5/5
  2320 | D:4      | Noticed Mythic's ghost (amateur HuBe)
  2896 | D:4      | Reached skill level 5 in Axes
  2896 | D:4      | Reached skill level 5 in Armour
  2900 | D:4      | Killed Mythic's ghost
  2900 | D:4      | Reached skill level 5 in Fighting
  2900 | D:4      | Reached XP level 7. HP: 41/61 MP: 6/6
  3342 | D:4      | Noticed Eustachio
  3348 | D:4      | Noticed Ijyb
  3358 | D:4      | Killed Ijyb
  3372 | D:4      | Killed Eustachio
  3374 | D:4      | Found a bloodstained altar of Trog.
  3914 | D:5      | Entered Level 5 of the Dungeon
  3933 | D:5      | Reached XP level 8. HP: 59/69 MP: 7/7
  4295 | D:5      | Noticed Tolfdir's ghost (amateur DEWz)
  4309 | D:5      | Killed Tolfdir's ghost
  5577 | D:6      | Reached XP level 9. HP: 78/78 MP: 8/8
  5810 | D:6      | Found a staircase to the Ecumenical Temple.
  6142 | D:7      | Reached skill level 10 in Axes
  6260 | D:7      | Found a shattered altar of Ashenzari.
  6690 | D:7      | Found a runed door.
  6774 | D:7      | Reached XP level 10. HP: 60/86 MP: 9/9
  7131 | D:7      | Noticed Crazy Yiuf
  7133 | D:7      | Killed Crazy Yiuf
  7791 | D:9      | Noticed a gargoyle
  7802 | D:9      | Killed a gargoyle
  7883 | D:9      | Identified Mihyrghi's Tome of Dislocation
  8076 | D:9      | Found a sparkling altar of Nemelex Xobeh.
  8076 | D:9      | Found a hide-covered altar of Uskayaw.
  8077 | D:9      | Found a deep blue altar of Sif Muna.
  8316 | D:9      | Noticed a two-headed ogre
  8325 | D:9      | Killed a two-headed ogre
  8565 | D:10     | Entered Level 10 of the Dungeon
  8761 | D:10     | Found a staircase to the Orcish Mines.
  8884 | D:10     | Got a transparent brass amulet
  9350 | D:11     | Found a staircase to the Lair.
  9430 | D:11     | Reached XP level 11. HP: 95/95 MP: 10/10
  9509 | D:11     | Noticed a two-headed ogre
  9639 | D:11     | Killed a two-headed ogre
  9639 | D:11     | Reached skill level 10 in Shields
  9754 | D:11     | Noticed Harold
  9807 | D:11     | Killed Harold
 10205 | D:11     | Got an encrusted shield
 10217 | D:11     | Identified the +2 shield "Sugguote" {+Inv MR+} (You found it on level 11 of the Dungeon)
 10427 | Lair:1   | Entered Level 1 of the Lair of Beasts
 10543 | Lair:1   | Reached skill level 10 in Armour
 10674 | Lair:1   | Noticed Grum
 10703 | Lair:1   | Killed Grum
 11204 | Lair:2   | Reached skill level 1 in Stealth
 11491 | Lair:1   | Identified the amulet "Iwaruka" {Harm *Drain Slay+3} (You found it on level 10 of the Dungeon)
 11689 | Lair:2   | Reached XP level 12. HP: 104/105 MP: 11/11
 11750 | Lair:2   | Reached skill level 15 in Axes
 12583 | Lair:3   | Noticed Gastronok
 12604 | Lair:3   | Killed Gastronok
 12604 | Lair:3   | Reached skill level 10 in Fighting
 12826 | Lair:3   | Found a staircase to the Snake Pit.
 13549 | Lair:4   | Found a staircase to the Shoals.
 13986 | Lair:5   | Noticed a six-headed hydra
 14103 | Lair:5   | Found an ancient bone altar of Kikubaaqudgha.
 14150 | Lair:5   | Noticed a four-headed hydra
 14220 | Lair:4   | Killed a four-headed hydra
 14220 | Lair:4   | Reached XP level 13. HP: 104/116 MP: 12/12
 14562 | Lair:5   | Identified the amulet of Music {Harm *Drain *Slow +Fly Str+2} (You found it on level 5 of the Lair of Beasts)
 14787 | Lair:5   | Reached skill level 1 in Polearms
 14940 | Lair:6   | Entered Level 6 of the Lair of Beasts
 15355 | Lair:6   | Found a staircase to the Slime Pits.
 15412 | Lair:6   | Noticed Kirke
 15431 | Lair:6   | Noticed a sphinx
 15808 | Lair:6   | Killed Kirke
 16060 | Lair:6   | Noticed an entropy weaver
 16174 | Lair:6   | Killed an entropy weaver
 16250 | Lair:6   | Noticed an entropy weaver
 16261 | Lair:6   | Killed an entropy weaver
 16635 | Lair:6   | Reached XP level 14. HP: 61/126 MP: 13/13
 17341 | Shoals:1 | Entered Level 1 of the Shoals
 17341 | Shoals:1 | Noticed Louise
 17406 | Snake:1  | Entered Level 1 of the Snake Pit
 18295 | Snake:1  | Found a shimmering altar of Xom.
 19241 | Snake:2  | Reached skill level 15 in Shields
 20135 | Snake:2  | Noticed Vashnia
 20413 | Snake:2  | Killed Vashnia
 20413 | Snake:2  | Reached XP level 15. HP: 109/136 MP: 14/14
 21374 | Snake:2  | Got a fine hand axe {antimagic}
 21377 | Snake:2  | Identified the +6 hand axe of Superiority {antimagic, SInv} (You took it off a naga on level 2 of the Snake Pit)
 23014 | Snake:3  | HP: 4/139 [guardian serpent (13)]
 24026 | Snake:3  | Got a shimmering amber ring
 24027 | Snake:3  | Identified the cursed ring "Kuonkaic" {rF+ EV-2} (You found it on level 3 of the Snake Pit)
 25335 | Snake:4  | Entered Level 4 of the Snake Pit
 25659 | Snake:4  | Reached skill level 15 in Fighting
 25659 | Snake:4  | Reached XP level 16. HP: 89/149 MP: 2/15
 26624 | Snake:4  | Found Kuiwuh's Food Shoppe.
 26624 | Snake:4  | Found Jeyhuod's Gadget Shop.
 27171 | Snake:4  | Noticed Jorgrun
 27356 | Snake:4  | Reached skill level 5 in Dodging
 28241 | Snake:4  | Noticed Aizul
 28652 | Snake:4  | Reached skill level 15 in Armour
 29581 | Snake:4  | HP: 5/151 [Aizul/bolt of poison (27)]
 29956 | Orc:1    | Entered Level 1 of the Orcish Mines
 29971 | Orc:1    | Found a roughly hewn altar of Beogh.
 30185 | Orc:2    | Entered Level 2 of the Orcish Mines
 30209 | Orc:2    | Found a staircase to the Elven Halls.
 30417 | Orc:1    | Noticed Urug
 30826 | Orc:2    | Noticed Erolcha
 30837 | Orc:2    | Killed Erolcha
 31944 | Orc:2    | Found Wyrugasi's Assorted Antiques.
 31944 | Orc:2    | Found Vuumnatse's Antique Armour Emporium.
 31945 | Orc:2    | Found Woenuaw's Assorted Antiques.
 31945 | Orc:2    | Found Bourazea's Magic Scroll Emporium.
 31964 | Orc:2    | Bought a scroll labeled OWYXULEIBIOM for 29 gold pieces
 31964 | Orc:2    | Bought a runed hand crossbow for 188 gold pieces
 31964 | Orc:2    | Bought a notched ruby ring for 145 gold pieces
 31964 | Orc:2    | Bought a worn lead wand for 116 gold pieces
 31964 | Orc:2    | Bought a pair of embroidered gloves for 217 gold pieces
 31964 | Orc:2    | Bought a potion of curing for 87 gold pieces
 31986 | Orc:2    | Bought a scroll labeled TITOELURIPH for 30 gold pieces
 31986 | Orc:2    | Bought a scroll of identify for 60 gold pieces
 31986 | Orc:2    | Bought a scroll of identify for 60 gold pieces
 32659 | Orc:2    | Reached XP level 17. HP: 158/158 MP: 16/16
 34255 | Snake:3  | Killed Jorgrun
 35145 | Snake:4  | Got a serpentine rune of Zot
 35499 | Snake:4  | Killed Aizul
 36089 | Shoals:1 | Killed Louise
 36132 | Shoals:1 | Noticed Roxanne
 36767 | Shoals:1 | Noticed a kraken
 36865 | Shoals:1 | Killed a kraken
 38127 | Shoals:3 | Noticed a kraken
 38143 | Shoals:3 | Killed a kraken
 39460 | Shoals:4 | Entered Level 4 of the Shoals
 40100 | Shoals:4 | Noticed a kraken
 40367 | Shoals:3 | HP: 8/161 [merfolk aquamancer/shard of ice (31)]
 40696 | Shoals:4 | Noticed Ilsuiw
 40905 | Shoals:4 | Reached XP level 18. HP: 160/170 MP: 17/17
 41028 | Shoals:4 | Found Gatoug's General Store.
 41364 | Shoals:3 | Killed Ilsuiw
 41646 | Shoals:4 | Got a barnacled rune of Zot
 41757 | Shoals:4 | Bought a potion of heal wounds for 65 gold pieces
 41757 | Shoals:4 | Bought a scroll of identify for 26 gold pieces
 41757 | Shoals:4 | Bought a wand of clouds (6) for 390 gold pieces
 44092 | D:13     | Found a gate to the Vaults.
 44845 | D:14     | Noticed Rupert
 44865 | D:14     | Killed Rupert
 45241 | D:14     | Found a portal to a secret trove of treasure.
 45708 | D:15     | Entered Level 15 of the Dungeon
 45852 | D:15     | Found a staircase to the Depths.
 46958 | Depths:1 | Entered Level 1 of the Depths
 47356 | Depths:1 | Found a one-way gate to the infinite horrors of the Abyss.
 48148 | Depths:1 | Found a gateway to Hell.
 48556 | Depths:2 | Reached XP level 19. HP: 169/181 MP: 18/18
 50136 | Depths:2 | Noticed Margery
 50148 | Depths:2 | Paralysed by a floating eye for 4 turns
 50169 | Depths:2 | Killed Margery
 50311 | Depths:2 | Killed from afar by a frost giant

Skill      XL: |  1  2  3  4  5  6  7  8  9 10 11 12 13 14 15 16 17 18 19 |
---------------+----------------------------------------------------------+-----
Shields        | 4 5 6 7 8 9 11 12 13 15 16 18 19 20 21 | 21.3
Armour         | 4 5 6 7 8 9 10 11 12 13 14 15 16 17 | 17.0
Fighting       | 4 5 6 7 8 9 11 12 13 15 16 17 18 19 | 19.1
Axes           | 3 4 5 7 8 10 13 14 16 17 18 19 20 21 | 21.7
Dodging        | 1 2 3 4 5 |  5.9
Stealth        | 1 2 3 |  3.2
Polearms       | 3 |  3.6
Unarmed Combat | |  0.7
Evocations     | |  0.4

Action                   |  1- 3 |  4- 6 |  7- 9 | 10-12 | 13-15 | 16-18 | 19-21 || total
-------------------------+-------+-------+-------+-------+-------+-------+-------++-------
Melee: War axe           |    77 |   146 |   227 |       |       |    27 |       ||   477
       Headbutt          |    10 |    24 |    81 |   179 |   332 |   648 |    99 ||  1373
       Broad axe         |       |       |   168 |   764 |  1426 |  2762 |   331 ||  5451
       Trident           |       |       |       |     7 |    17 |    10 |       ||    34
       Unarmed           |       |       |       |       |    12 |       |       ||    12
Evoke: Wand              |       |       |       |     1 |     1 |     9 |     1 ||    12
  Use: Scroll            |       |       |     3 |    10 |    14 |    18 |       ||    45
       Potion            |       |       |       |       |     6 |    12 |       ||    18
 Stab: Paralysed         |       |       |       |       |     4 |     6 |       ||    10
       Distracted        |       |       |       |       |     1 |     1 |       ||     2
  Eat: Chunk             |       |     5 |    11 |    13 |     9 |    19 |     2 ||    59
       Ration            |       |       |     1 |     5 |     8 |    17 |     2 ||    33
Armor: Scale mail        |    49 |    63 |    65 |       |       |       |       ||   177
       Plate armour      |       |       |   114 |   435 |   629 |  1163 |   120 ||  2461
Dodge: Dodged            |    32 |    60 |   120 |   201 |   309 |   595 |    61 ||  1378
Block: Shield            |    44 |    96 |   228 |   538 |  1097 |  2102 |   180 ||  4285
